cohdb
Replays
Latest Replays
All Replays
Popular Replays
Top Player Replays
Match Explorer
How It Works
Community
CoH3 Stats
Reddit
Sign in to upload your games and track your stats! →
Sign in with Steam
Match 37912985
Unlisted
Match 37912985
Overview
Messages
Build Orders
End
Selects Australian Defense Battlegroup
Selects Australian Light Infantry Section
Australian Light Infantry Section
Construct Section Command Post
Royal Engineer Section
Infantry Section
Infantry Section
Australian Light Infantry Section
Construct Field Infirmary
Construct Platoon Command Post
Construct Company Command Post
Construct Company Command Post
Crusader II Medium Tank
Selects 2-pounder Anti-tank Gun Team
Selects Vehicle Over Repair
Vickers Machine Gun Team
Crusader II Medium Tank
Crusader II Medium Tank
SneaKerz
gb_gbg
9magicfingers
Boston
0
0
Comments
sign in to comment!
No comments posted yet!